Map: New Repugnancy LE

Players

GSM - Winner!

  • Race: Protoss Protoss
  • League: Diamond
  • Spawn Location: 7:00

PeLLy

  • Race: Zerg Zerg
  • League: Diamond
  • Spawn Location: 1:00

VOD

Have the link to the VOD?

Description

Time

  • Played on: Aug. 16, 2019, 3:16 p.m.
  • Length: 9:14
Show
View Real Time Build Order
Export as new Build Order

GSM Protoss - Winner!

Build Orders: Zealot Archon 

Get SALT Encoding   

  1  0:00  Probe  
  12  0:07  Probe  
  14  0:20  Pylon  
  14  0:25  Probe  
  15  0:39  Gateway  
  15  0:41  Probe  
  16  0:49  Assimilator  
  16  0:53  Probe  
  17  1:11  Probe  
  18  1:19  Probe  
  18  1:25  Pylon  
  19  1:30  Pylon  
  19  1:48  Cybernetics Core  
  19  1:58  Assimilator  
  19  2:16  Nexus  
  19  2:18  Probe  
  20  2:30  Adept  
  20  2:33  Probe  
  23  2:43  Probe  
  23  2:49  Gateway  
  23  2:51  Probe  
  25  3:00  Probe  
  28  3:10  Adept  
  28  3:12  Probe  
  29  3:16  Assimilator  
  29  4:01  Zealot  
  31  4:05  Stargate  
  31  4:07  Zealot, Warp Gate  
  31  4:19  Robotics Facility  
  31  4:21  Twilight Council  
  31  4:25  Pylon  
  31  4:28  Gateway x2  
  31  4:32  Gateway, Pylon  
  31  4:33  Probe  
  32  4:45  Pylon  
  32  4:50  Sentry  
  36  4:54  Oracle  
  37  5:20  Warp Prism  
  39  5:26  Charge  
  39  5:31  Gateway  
  39  5:42  Phoenix  
  41  5:55  Probe x2, Assimilator  
  43  6:07  Probe x2  
  45  6:20  Zealot  
  45  6:21  Zealot x4  
  55  6:33  Templar Archives  
  55  6:37  Gateway x2  
  55  6:53  Zealot x4  
  61  7:13  Zealot x4  
  67  7:27  High Templar  
  69  7:36  Pylon  
  67  7:38  Pylon  
  67  7:39  Pylon  
  67  7:43  High Templar  
  69  7:49  Archon  
  69  8:03  High Templar x4  
  75  8:12  Archon x2  
  75  8:14  Zealot  
  75  8:15  Zealot x2  
  81  8:40  Zealot x5  
  81  8:41  Zealot x2  
  77  9:06  High Templar x3  
Show
View Real Time Build Order
Export as new Build Order

PeLLy Zerg 

Build Orders: 3 Hatch before Pool 

Get SALT Encoding   

  12  0:00  Drone  
  13  0:09  Drone  
  14  0:15  Extractor  
  14  0:16  Drone  
  15  0:26  Overlord  
  15  0:44  Drone x2  
  17  0:55  Hatchery  
  16  0:57  Drone  
  16  1:02  Drone  
  18  1:08  Drone  
  19  1:43  Hatchery  
  19  1:47  Spawning Pool  
  19  1:52  Drone  
  18  1:59  Drone x2  
  20  2:08  Drone  
  21  2:17  Drone  
  21  2:22  Hatchery  
  21  2:25  Drone  
  21  2:28  Extractor  
  21  2:36  Overlord  
  21  2:48  Drone  
  22  2:54  Queen  
  22  2:56  Zergling x2  
  22  2:58  Zergling x2  
  26  3:09  Drone x2  
  26  3:11  Queen  
  30  3:18  Zergling x2  
  31  3:29  Drone  
  31  3:30  Drone x2  
  33  3:43  Zergling x6  
  35  3:53  Zergling x6  
  34  4:07  Drone x4  
  38  4:17  Lair  
  38  4:18  Metabolic Boost  
  38  4:19  Drone x3  
  38  4:21  Extractor, Overlord x3  
  40  4:32  Hatchery, Queen  
  41  4:52  Drone x10  
  51  5:02  Evolution Chamber x2  
  49  5:09  Roach Warren  
  49  5:13  Drone  
  49  5:14  Drone x2  
  51  5:22  Drone  
  51  5:23  Drone x4  
  51  5:27  Queen  
  58  5:42  Spore Crawler  
  57  5:46  Spore Crawler  
  57  5:48  Spore Crawler  
  55  5:50  Queen  
  55  5:51  Drone x5  
  55  5:52  Drone x2  
  55  5:56  Zerg Missile Weapons Level 1  
  64  5:57  Zerg Melee Weapons Level 1  
  64  6:02  Baneling Nest  
  61  6:09  Drone  
  61  6:10  Drone x4  
  62  6:27  Queen x2  
  66  6:35  Spine Crawler  
  66  6:37  Spine Crawler, Queen x2  
  62  6:40  Roach  
  62  6:42  Overlord x2  
  62  6:46  Zergling x2  
  62  6:55  Glial Reconstitution  
  61  7:10  Roach, Zergling x10  
  61  7:11  Roach x6  
  77  7:19  Roach  
  77  7:20  Roach  
  77  7:22  Overlord x2  
  69  7:46  Drone x11  
  69  7:47  Drone x3  
  81  8:01  Roach  
  81  8:02  Roach x4  
  86  8:06  Overlord x2  
  86  8:11  Roach x3  
  84  8:21  Extractor  
  84  8:24  Overlord x4  
  71  8:43  Roach  
  71  8:44  Roach x6  
  74  8:51  Roach  
  74  8:52  Roach  
Tags
 
Add a new tag
Caveats
  • Supply blocks, unpowered buildings, or Contaminate may cause inaccurate times.
  • Supply counts are checked every 10 seconds.